 Dungeon Crawl Stone Soup version 0.31-a0-700-gf13585253f (webtiles) character file.

Game seed: 6812460545574672967

328 cforsyth the Trooper (level 6, 0/49 HPs)
             Began as a Djinni Chaos Knight on Sept 7, 2023.
             Was an Initiate of Hepliaklqana.
             Slain by a raiju (shapeshifter) (9 damage)
             ... on level 4 of the Dungeon.
             The game lasted 00:06:17 (4137 turns).

cforsyth the Trooper (Djinni Chaos Knight)          Turns: 4137, Time: 00:06:18

Health: 0/49       AC:  5    Str: 11    XL:     6   Next: 80%
Gold:   205        EV: 11    Int: 16    God:    Hepliaklqana [......] SH:  0 Dex: 12

rFire   + + .        a - +0 falchion (chaos)
rCold   x . .        (no shield)
rNeg    . . .        b - +2 leather armour
rPois   ∞            (no helmet)
rElec   .            (no cloak)
rCorr   .            (no gloves)
SInv    .            (boots unavailable)
Will    .....        (no amulet)
Stlth   +            (no ring)
HPRegen 0.28/turn    (no ring)
MPRegen 0.00/turn

%: infuse magic (-1 HP)
@: flying
A: sickness immunity, fire resistance 2, cold vulnerability 1, float, innate
caster, HP casting, extra vitality 1
a: Renounce Religion


You were on level 4 of the Dungeon.
You worshipped Hepliaklqana.
Hepliaklqana was noncommittal.
You visited 2 branches of the dungeon, and saw 6 of its levels.

You collected 205 gold pieces.

Inventory:

Hand Weapons
 a - a +0 falchion of chaos (weapon)
Armour
 b - a +2 leather armour (worn)
Scrolls
 f - 9 scrolls of identify {unknown}
 g - 4 scrolls of immolation {unknown}
 h - 2 scrolls of teleportation {unknown}
 i - 2 scrolls of amnesia {unknown}
 j - a scroll of blinking {unknown}
 k - a scroll of vulnerability {unknown}
 l - a scroll of enchant weapon {unknown}
 n - a scroll of enchant armour {unknown}
Potions
 d - 2 potions of enlightenment {unknown}
 e - 3 potions of curing
 m - a potion of lignification {unknown}
 o - a potion of heal wounds {unknown}


   Skills:
 + Level 5.3 Fighting
 - Level 2.7 Long Blades
 - Level 1.1 Armour
 - Level 2.2 Dodging
 + Level 3.0 Spellcasting
 + Level 3.0 Conjurations
 + Level 3.0 Hexes
   Level 0.0 Charms
 + Level 3.0 Summonings
 + Level 3.0 Necromancy
 + Level 3.0 Translocations
 + Level 3.0 Transmutations
 + Level 3.0 Fire Magic
 + Level 3.0 Ice Magic
 + Level 3.0 Air Magic
 + Level 3.0 Earth Magic
 + Level 3.0 Poison Magic


You knew the following spells:

 Your Spells              Type           Power      Damage    Failure   Level
a - Magic Dart            Conj           48%        1d5       7%          1
b - Static Discharge      Conj/Air       24%        2-3/arc   11%         2
Your spell library was empty.

Dungeon Overview and Level Annotations

Branches:
Dungeon (5/15)             Temple (1/1) D:4

Altars:
Ashenzari
Cheibriados
Dithmenos
Elyvilon
Fedhas
Gozag
Hepliaklqana
Nemelex Xobeh
Okawaru
Qazlal
Ru
Trog
Wu Jian
The Shining One

Shops:
D:1 ([===   D:3 *


Innate Abilities, Weirdness & Mutations

You are immune to sickness and miasma.
You are immune to poison.
Your flesh is very heat resistant. (rF++)
You are vulnerable to cold. (rC-)
You float through the air rather than walking.
You learn spells naturally, not from books.
Your magical power is your life essence.
You have superior vitality. (+4 MHP)


Message History

* * * LOW HITPOINT WARNING * * *
The white imp gestures at you. The puff of frost hits you.
You feel a terrible chill!
* * * LOW HITPOINT WARNING * * *
The white imp gestures at you. The puff of frost hits you.
You feel a terrible chill!
* * * LOW HITPOINT WARNING * * *
You see here a +0 dagger.
It was a potion of curing.
You feel better. The white imp barely misses you.
You hit the white imp. You burn the white imp.
The white imp is heavily wounded.
The white imp hits you. The white imp freezes you.
You feel a terrible chill!
* * * LOW HITPOINT WARNING * * *
You hit the white imp.
The white imp resists with some effort.
The white imp is severely wounded.
The white imp hits you.
* * * LOW HITPOINT WARNING * * *
The white imp freezes you.
You feel a terrible chill!
* * * LOW HITPOINT WARNING * * *
You feel better. The white imp barely misses you.
You hit the white imp.
The white imp is almost dead.
The white imp hits you.
* * * LOW HITPOINT WARNING * * *
The white imp freezes you!
You feel a terrible chill!
* * * LOW HITPOINT WARNING * * *
You hit the white imp.
You kill the white imp!
You start resting.
An orc comes into view. It is wielding a +0 flail.
The orc shouts!
You see here a +0 dagger.
There is a stone staircase leading up here.
You hit the orc.
The orc changes into a shapeshifter!
The shapeshifter is lightly wounded.
The shapeshifter changes into a raiju!
You completely miss the raiju. The raiju bites you.
* * * LOW HITPOINT WARNING * * *
The raiju shocks you!
You die...

#....#...........#
#....#...........#
######..###.##..##..##
#.....#'##########..##
#....................#
#............))......#
#.................>..#
#.)..................#
#.............h@.)...#
#..##.############..#######
#..##.#############...#...##
#...[.................'....#
#.....................#....#
#.........(...........#....#
#.....................#....#
#.....##..##..##..##'#########
#.....###+##..##.>##.###..#..#


You could see a raiju shaped shifter.

Vanquished Creatures
  An ice beast (D:4)
  2 orc wizards
  4 adders
  A white imp (D:4)
  3 worms
  3 dart slugs
  10 orcs
  12 ball pythons
  5 bats
  9 endoplasms
  2 giant cockroaches
  3 goblins
  4 hobgoblins
  8 jackals
  15 kobolds
  A quokka (D:1)
  4 frilled lizards
  9 rats
96 creatures vanquished.

Notes
Turn   | Place    | Note
-------+----------+-------------------------------------------
     0 | D:1      | cforsyth the Djinni Chaos Knight began the quest for the
                  | Orb.
     0 | D:1      | Reached XP level 1. HP: 20/20 MP: 0/0
    24 | D:1      | You are sucked into a shaft and drop 1 floor!
   199 | D:1      | Reached XP level 2. HP: 24/25 MP: 0/0
   419 | D:1      | Found Eggiaxirgh's Weapon Shop.
   441 | D:1      | Found Camov's Armour Emporium.
   467 | D:1      | Reached XP level 3. HP: 30/30 MP: 0/0
   467 | D:1      | Learned a level 1 spell: Magic Dart
   584 | D:1      | Reached skill level 1 in Spellcasting
   584 | D:1      | Reached skill level 1 in Conjurations
   584 | D:1      | Reached skill level 1 in Hexes
   584 | D:1      | Reached skill level 1 in Summonings
   584 | D:1      | Reached skill level 1 in Necromancy
   584 | D:1      | Reached skill level 1 in Translocations
   584 | D:1      | Reached skill level 1 in Transmutations
   584 | D:1      | Reached skill level 1 in Fire Magic
   584 | D:1      | Reached skill level 1 in Ice Magic
   584 | D:1      | Reached skill level 1 in Air Magic
   584 | D:1      | Reached skill level 1 in Earth Magic
   584 | D:1      | Reached skill level 1 in Poison Magic
   646 | D:1      | Found Hixumum's Jewellery Emporium.
   648 | D:1      | Found Quis's Jewellery Emporium.
   674 | D:1      | Found Sakhaukk's Jewellery Emporium.
   899 | D:2      | XOM: silly message
   996 | D:2      | XOM: divination: detect items
  1498 | D:2      | Reached XP level 4. HP: 34/37 MP: 0/0
  1531 | D:2      | XOM: silly message
  1894 | D:2      | XOM: cloud trail
  2015 | D:3      | Reached skill level 4 in Fighting
  2054 | D:3      | Found a large runed translucent door.
  2055 | D:3      | Found a large runed translucent door.
  2318 | D:3      | XOM: god gift: phantom mirror
  2540 | D:3      | Found Vygysaas's General Store.
  2609 | D:3      | Reached XP level 5. HP: 34/41 MP: 0/0
  2609 | D:3      | Learned a level 2 spell: Static Discharge
  2629 | D:3      | XOM: silly message
  2707 | D:3      | Found a sacrificial altar of Ru.
  2999 | D:3      | Found a broken altar of Ashenzari.
  3019 | D:3      | Found a blossoming altar of Fedhas.
  3048 | D:3      | XOM: noise
  3083 | D:3      | XOM: silly message
  3334 | D:4      | XOM: noise
  3334 | D:4      | Noticed an ice beast
  3339 | D:4      | XOM: potion effect (invisibility)
  3340 | D:4      | XOM: confuse monster(s)
  3382 | D:4      | XOM: cloud trail
  3454 | D:4      | Killed an ice beast
  3455 | D:4      | Reached XP level 6. HP: 28/49 MP: 0/0
  3534 | D:4      | Found a bloodstained altar of Trog.
  3554 | D:4      | Reached skill level 5 in Fighting
  3573 | D:4      | Found a staircase to the Ecumenical Temple.
  3579 | Temple   | Entered the Ecumenical Temple
  3592 | Temple   | Fell from the grace of Xom
  3592 | Temple   | Became a worshipper of Hepliaklqana the Forgotten
  3883 | D:4      | Found a sparkling altar of Nemelex Xobeh.
  3951 | D:4      | XOM: chaos cloud
  3952 | D:5      | Entered Level 5 of the Dungeon
  3996 | D:5      | Noticed a black bear
  4136 | D:4      | an orc changed into a shapeshifter
  4136 | D:4      | Noticed a shapeshifter (shapeshifter)
  4136 | D:4      | a shapeshifter changed into a raiju
  4136 | D:4      | Noticed a raiju (shapeshifter)
  4137 | D:4      | Slain by a raiju (shapeshifter)

Illustrated notes

Levels and vault maps discovered:
D:1:      dpeg_arrival_windows_large_door, layout_loops_ring, serial_shops,
          shop_fountains, shop, nicolae_shop_gaudy_bauble,
          nicolae_shop_behind_doors, nicolae_shop_bloodbath_and_beyond,
          kennysheep_flooded_box
D:2:      minmay_recursive_quarters, layout_loops_ring, kennysheep_path_1,
          grunt_ministairs_10
D:3:      layout_basic, nicolae_ru_the_path_less_chosen, jmf_multi_god_temple2,
          serial_shops, nicolae_shop_real_fake_doors,
          nicolae_kite_square_tiling_tiny,
          nicolae_concentric_dashed_squares_mild, nicolae_titane
D:4:      layout_gridville, mainiacjoe_overflow_alcove_4,
          mainiacjoe_overflow_six_doors_small, minmay_temple_entry_arrows,
          wad_orctagon
D:5:      layout_rooms, nicolae_overflow_hidden_temple, lightli_temple_of_fire,
          serial_shops, nicolae_shop_rolled_up, nicolae_stop_n_shop_1
Temple:   nicolae_temple_hex_pool

Skill      XL: |  1  2  3  4  5  6 |
---------------+-------------------+-----
Spellcasting   | 1 2 3 |  3.0
Conjurations   | 1 2 3 |  3.0
Hexes          | 1 2 3 |  3.0
Summonings     | 1 2 3 |  3.0
Necromancy     | 1 2 3 |  3.0
Translocations | 1 2 3 |  3.0
Transmutations | 1 2 3 |  3.0
Fire Magic     | 1 2 3 |  3.0
Ice Magic      | 1 2 3 |  3.0
Air Magic      | 1 2 3 |  3.0
Earth Magic    | 1 2 3 |  3.0
Poison Magic   | 1 2 3 |  3.0
Fighting       | 4 5 |  5.3
Long Blades    | |  2.7
Armour         | |  1.1
Dodging        | |  2.2

Action                     |  1- 3 |  4- 6 || total
---------------------------+-------+-------++-------
  Melee: Falchion          |    80 |   200 ||   280
         Punch             |     2 |     2 ||     4
   Cast: Magic Dart        |    56 |    16 ||    72
    Use: Scroll            |       |     2 ||     2
         Potion            |       |     2 ||     2
   Stab: Petrified         |       |     4 ||     4
         Petrifying        |       |     2 ||     2
         Sleeping          |       |     1 ||     1
 Armour: Leather armour    |    65 |   164 ||   229
  Dodge: Dodged            |    53 |   133 ||   186

Table legend: (Time is in decaauts)
 A = Elapsed time spent in this place.
 B = Non-inter-level travel time spent in this place.
 C = Inter-level travel time spent in this place.
 D = Time resting spent in this place.
 E = Time spent auto-exploring this place.
 F = Levels seen in this place.
 G = Mean time per level.
                   A        B        C        D        E       F      G
               +--------+--------+--------+--------+--------+-----+--------+
         Total |   4187 |   4103 |     84 |    179 |   3146 |   6 |  697.8 |
       Dungeon |   4160 |   4089 |     71 |    179 |   3146 |   5 |  832.0 |
        Temple |     26 |     13 |     13 |      0 |      0 |   1 |   26.0 |
               +--------+--------+--------+--------+--------+-----+--------+

Top non-repeatable levels by time:
     D:3: 1263 daAuts
     D:2: 1102 daAuts
     D:4: 892 daAuts
     D:1: 841 daAuts
     D:5: 60 daAuts
  Temple: 26 daAuts
